 Dungeon Crawl Stone Soup version 0.32-a0-401-g0bcb2a7693 (webtiles) character file.

Game seed: 9568059896273347608

4 Revguard the Trooper (level 1, -1/18 HPs)
             Began as a Demonspawn Berserker on Feb 20, 2024.
             Was a Follower of Trog.
             Slain by a quokka (4 damage)
             ... on level 1 of the Dungeon.
             The game lasted 00:00:35 (51 turns).

Revguard the Trooper (Demonspawn Berserker)           Turns: 51, Time: 00:00:36

Health: -1/18      AC:  2    Str: 17    XL:     1   Next: 50%
Magic:  1/1        EV: 12    Int:  7    God:    Trog [*.....]
Gold:   11         SH:  0    Dex: 12    Spells: 0/0 levels left

rFire   . . .        a - +0 hand axe
rCold   . . .        (no shield)
rNeg    . . .        b - +0 animal skin
rPois   .            (no helmet)
rElec   .            (no cloak)
rCorr   .            (no gloves)
SInv    .            (no boots)
Will    .....        (no amulet)
Stlth   +            (no ring)
HPRegen 0.23/turn    (no ring)
MPRegen 0.07/turn

%: no passive effects
@: no status effects
A: no striking features
a: Renounce Religion, Berserk


You were on level 1 of the Dungeon.
You worshipped Trog.
Trog was aware of your devotion.
You visited 1 branch of the dungeon, and saw 1 of its levels.

You collected 11 gold pieces.

Inventory:

Hand Weapons
 a - a +0 hand axe (weapon)
Armour
 b - a +0 animal skin (worn)


   Skills:
 * Level 3.0 Fighting
 * Level 2.7 Axes
 + Level 1.8 Armour
 + Level 1.8 Dodging
 + Level 0.1 Evocations


You couldn't memorise any spells.
You didn't know any spells.
Your spell library was empty.

Dungeon Overview and Level Annotations

Branches:
Dungeon (1/15)

Altars:


Message History

The bat hits you but does no damage.
You barely miss the bat. You hit the quokka.
The bat hits you but does no damage. The quokka barely misses you.
You hit the hobgoblin.
The hobgoblin is lightly wounded.
You hit the quokka but do no damage. You hit the bat.
You kill the bat!
Trog accepts your kill. The quokka closely misses you.
The hobgoblin barely misses you. The quokka misses you.
You closely miss the hobgoblin. You barely miss the quokka.
The hobgoblin barely misses you.
The quokka bites you but does no damage.
You hit the hobgoblin.
The hobgoblin is lightly wounded.
You hit the quokka but do no damage.
The hobgoblin hits you but does no damage.
The quokka bites you.
You barely miss the hobgoblin.
The hobgoblin is lightly wounded.
You closely miss the quokka. The quokka bites you. The hobgoblin hits you.
The quokka completely misses you.
You hit the hobgoblin.
The hobgoblin is severely wounded.
You hit the quokka but do no damage. The hobgoblin barely misses you.
The quokka closely misses you. The hobgoblin hits you.
You hit the hobgoblin.
You kill the hobgoblin!
Trog accepts your kill.
You hit the quokka but do no damage. The quokka closely misses you.
The quokka bites you.
* * * LOW HITPOINT WARNING * * *
The quokka completely misses you.
You see here a hobgoblin corpse.
The quokka twitches its whiskers.
The quokka bites you but does no damage.
You barely miss the quokka.
The quokka is severely wounded.
The quokka bites you.
You die...

##### ##.... ########..#
#........#######
#.######†....... #.#
#...!.... #.# #†r(.....
#######.# #@.......
.......[######........
#########......#.?......
..........####..##..####
~~~~~..~~~~~~~~.# ..#
ß..ß....ß..ß..~). #.#
#####''######.~.# .#
~~~~~..~~~~~#ß~)# .#
~..........~# .#


You could see a quokka.

Vanquished Creatures
  A bat (D:1)
  A hobgoblin (D:1)
2 creatures vanquished.

Notes
Turn   | Place    | Note
-------+----------+-------------------------------------------
     0 | D:1      | Revguard the Demonspawn Berserker began the quest for the
                  | Orb.
     0 | D:1      | Reached XP level 1. HP: 18/18 MP: 1/1
    51 | D:1      | Slain by a quokka

Illustrated notes

Levels and vault maps discovered:
D:1:      lightli_arrival_isolated_outpost, layout_rooms, minmay_tetromino_l4

Action                     || total
---------------------------++-------
  Melee: Hand axe          ||     8
 Armour: Animal skin       ||    11
  Dodge: Dodged            ||    10

Table legend: (Time is in decaauts)
 A = Elapsed time spent in this place.
 B = Non-inter-level travel time spent in this place.
 C = Inter-level travel time spent in this place.
 D = Time resting spent in this place.
 E = Time spent auto-exploring this place.
 F = Levels seen in this place.
 G = Mean time per level.
                   A        B        C        D        E       F      G
               +--------+--------+--------+--------+--------+-----+--------+
         Total |     52 |     52 |      0 |      0 |     33 |   1 |   52.0 |
       Dungeon |     52 |     52 |      0 |      0 |     33 |   1 |   52.0 |
               +--------+--------+--------+--------+--------+-----+--------+

Top non-repeatable levels by time:
     D:1: 52 daAuts
